 Dungeon Crawl Stone Soup version 0.26.1-11-gd32895ea62 (webtiles) character file.

Game seed: 4920758123181829698

2445 bigdumb the Covered (level 9, -6/71 HPs)
             Began as a Demigod Gladiator on June 19, 2021.
             Killed by divine providence
             ... invoked by an orc priest
              (10 damage)
             ... on level 7 of the Dungeon.
             The game lasted 00:14:58 (10797 turns).

bigdumb the Covered (Demigod Gladiator)            Turns: 10797, Time: 00:14:59

Health: -6/71      AC: 13    Str: 21    XL:     9   Next: 5%
Magic:  11/11      EV: 10    Int: 12    God:
Gold:   464        SH:  0    Dex: 19    Spells: 8/8 levels left

rFire    x . .     SeeInvis .   v - +1 great sword (freeze)
rCold    + . .     Faith    .   (shield currently unavailable)
rNeg     + . .     Spirit   .   k - +0 chain mail
rPois    .         Reflect  .   g - +2 helmet
rElec    .         Harm     .   (no cloak)
rCorr    .         Rampage  .   (no gloves)
Will     .....                  (no boots)
Stlth    ..........             (no amulet)
HPRegen  0.21/turn              f - ring of positive energy
MPRegen  0.12/turn              c - ring of ice

@: marked
A: high mp 1
a: no special abilities


You were on level 7 of the Dungeon.
You visited 1 branch of the dungeon, and saw 7 of its levels.

You collected 464 gold pieces.

Inventory:

Hand Weapons
 a - a +1 rapier
 v - a +1 great sword of freezing (weapon)
Missiles
 d - 6 throwing nets (quivered)
Armour
 b - a +0 leather armour
 g - a +2 helmet (worn)
 k - a +0 chain mail (worn)
Jewellery
 c - a ring of ice (right hand)
 f - a ring of positive energy (left hand)
 j - an uncursed ring of see invisible
 s - an uncursed ring of resist corrosion
Wands
 q - a wand of acid (8)
 t - a wand of paralysis (6)
 u - a wand of polymorph (6)
Scrolls
 e - 10 scrolls of identify
 i - 8 scrolls of remove curse
 l - 4 scrolls of enchant armour
 m - 3 scrolls of amnesia
 n - a scroll of magic mapping
 p - a scroll of fear
 r - a scroll of random uselessness
Potions
 o - 5 potions of curing


   Skills:
 + Level 4.1 Fighting
 - Level 5.7(6.5) Short Blades
 * Level 4.6(6.0) Long Blades
 - Level 1.7 Throwing
 * Level 6.1 Armour
 + Level 4.1 Dodging
 + Level 4.3 Stealth


You had 8 spell levels left.
You didn't know any spells.
Your spell library contained the following spells:

 Spells                   Type           Power        Failure   Level
 Animate Skeleton         Necr           0%           95%         1
 Apportation              Tloc           0%           95%         1
 Corona                   Hex            0%           95%         1
 Summon Small Mammal      Summ           0%           95%         1


Dungeon Overview and Level Annotations

Branches:
Dungeon (7/15)             Temple (0/1) D:6

Shops:
D:4 (

Annotations:
D:7 Harold


Innate Abilities, Weirdness & Mutations

You have an increased reservoir of magic. (+10% MP)


Message History

The howler monkey hits you but does no damage.
The orc priest casts a cantrip, but nothing happens.
The howler monkey hoots and howls with incredible vigour!
The orc wizard points at you and mumbles some strange words.
The magic dart hits you but does no damage.
Harold says, "My wife will appreciate not having to wash blood out of my clothes anymore."
The orc wizard gestures at you while chanting.
The magic dart hits you but does no damage.
The orc priest calls down the wrath of Beogh upon you.
You resist with significant effort.
The orc priest calls down the wrath of Beogh upon you.
Beogh smites you!
* * * LOW HITPOINT WARNING * * *
An orc priest comes into view.
It is wielding a +1 short sword of holy wrath.
An orc priest comes into view. It is wielding a +0 whip.
Harold points at you and mumbles some strange words.
The mark upon you grows brighter.
The orc priest calls down the wrath of Beogh upon you.
Beogh smites you!
You die...

....#...######...
..#..#
........o.....#.#
####..
.......o.)o.#...###...
........o.o.........##
..#.....o..Z......)...
. #..#...ooo@.........
##.#....o.#..##.....
#.....##.##.#######
......##)h..@รท.#
###.... #######.#####
..##.. ............###
.. .# #.#####<..#...#
.. #...###.#######
#####<........#
#.........#
#.........#
#..........


You could see Harold, a howler monkey, 3 orc priests, 2 orcs and a worker ant
zombie.

Vanquished Creatures
  Edmund (D:6)
  2 ice beasts (D:7)
  2 ogres
  A sky beast (D:6)
  2 centaurs
  3 bullfrogs (D:6)
  A scorpion (D:7)
  A howler monkey (D:6)
  A crimson imp (D:5)
  A bullfrog zombie (D:6)
  5 hounds
  5 orc priests
  2 centaur skeletons (D:4)
  9 orc wizards
  Jessica (D:6)
  An iguana (D:6)
  7 worker ants
  2 worker ant zombies
  3 gnolls (D:4)
  19 adders
  A shadow imp (D:5)
  3 white imps
  3 ufetubi
  3 oozes
  An adder skeleton (D:4)
  An adder zombie (D:6)
  3 worms
  6 dart slugs
  7 leopard geckos
  32 orcs
  5 giant cockroaches
  8 goblins
  9 hobgoblins
  4 jackals
  3 quokkas
  7 bats
  3 frilled lizards (D:1)
  6 kobolds
  A leopard gecko skeleton (D:4)
  A quokka skeleton (D:5)
  8 rats
184 creatures vanquished.

Notes
Turn   | Place    | Note
-------+----------+-------------------------------------------
     0 | D:1      | bigdumb the Demigod Gladiator began the quest for the Orb.
     0 | D:1      | Reached XP level 1. HP: 17/17 MP: 3/3
   409 | D:1      | Reached XP level 2. HP: 19/24 MP: 4/4
   838 | D:2      | Reached skill level 1 in Armour
   838 | D:2      | Reached XP level 3. HP: 26/29 MP: 5/5
  1104 | D:2      | Found a white marble altar of Elyvilon.
  2291 | D:2      | Reached XP level 4. HP: 33/36 MP: 6/6
  2899 | D:3      | Reached skill level 2 in Armour
  3417 | D:3      | Reached skill level 1 in Stealth
  3430 | D:3      | Reached XP level 5. HP: 22/41 MP: 7/7
  4733 | D:4      | Noticed an ogre
  4750 | D:4      | Killed an ogre
  4751 | D:4      | Reached skill level 3 in Armour
  4751 | D:4      | Reached XP level 6. HP: 40/50 MP: 8/8
  5288 | D:4      | Found Tawn's Weapon Emporium.
  5548 | D:4      | Reached XP level 7. HP: 53/56 MP: 9/9
  5946 | D:5      | Entered Level 5 of the Dungeon
  6219 | D:5      | Reached skill level 5 in Short Blades
  6275 | D:5      | Reached skill level 4 in Armour
  6513 | D:5      | You fall into a shaft and drop 1 floor!
  6583 | D:6      | Found a staircase to the Ecumenical Temple.
  7440 | D:5      | Found a burning altar of Makhleb.
  7540 | D:6      | Noticed Edmund
  7556 | D:6      | Killed Edmund
  8023 | D:6      | Reached skill level 5 in Armour
  8023 | D:6      | Reached XP level 8. HP: 20/63 MP: 10/10
  8665 | D:6      | Reached skill level 1 in Long Blades
  9263 | D:6      | Found a sparkling altar of Nemelex Xobeh.
  9421 | D:6      | Reached skill level 6 in Armour
  9588 | D:6      | Noticed Jessica
  9591 | D:6      | Killed Jessica
 10035 | D:7      | Noticed Harold
 10420 | D:7      | Reached XP level 9. HP: 36/71 MP: 11/11
 10797 | D:7      | Killed from afar by an orc priest

Illustrated notes

Levels and vault maps discovered:
D:1:      amcnicky_arrival_wind_blow, layout_basic, corner_web_ring
D:2:      layout_basic, elyvilon_altar_3
D:3:      layout_loops_ring, amcnicky_mini_pool_small
D:4:      layout_basic, serial_shops, shop, hex_large
D:5:      minmay_bubble_buster, layout_loops_cross, makhleb_grotto_becter,
          minmay_misc_feat_roman, hangedman_abyss_or_decor_lesser_grid
D:6:      layout_loops_ring, temple_pool_b, nemelex_lonely_heart_becter,
          uniq_edmund
D:7:      layout_rooms, david_defended_altar_orc, uniq_harold

Skill      XL: |  1  2  3  4  5  6  7  8 |
---------------+-------------------------+-----
Short Blades   | 3 4 5 |  5.7
Dodging        | 3 4 |  4.1
Fighting       | 2 3 4 |  4.1
Armour         | 1 2 3 5 6 |  6.1
Stealth        | 1 2 3 4 |  4.3
Long Blades    | 4 |  4.6
Throwing       | |  1.7

Action                   |  1- 3 |  4- 6 |  7- 9 || total
-------------------------+-------+-------+-------++-------
Melee: Rapier            |   142 |   258 |   256 ||   656
       Dagger            |       |    11 |       ||    11
       Falchion          |       |       |    73 ||    73
       Great sword       |       |       |    87 ||    87
  Use: Potion            |       |     4 |     4 ||     8
       Scroll            |       |     3 |    11 ||    14
 Stab: Sleeping          |       |       |     4 ||     4
Armor: Leather armour    |    25 |    14 |    23 ||    62
       Scale mail        |       |    92 |    50 ||   142
       Chain mail        |       |       |    60 ||    60
Dodge: Dodged            |   106 |   209 |   248 ||   563
       Rpst.: Great sword |       |       |    15 ||    15
       Falchion          |       |       |    13 ||    13
